 Dungeon Crawl Stone Soup version 0.29.1-13-g9f3cf754e1 (webtiles) character file.

Game seed: 11328798382140836530

28 theswoord the Twirler (level 3, 0/27 HPs)
             Began as a Demonspawn Gladiator on Jan 24, 2023.
             Slain by an Executioner (2 damage)
             ... on level 1 of the Abyss.
             The game lasted 00:02:47 (1229 turns).

theswoord the Twirler (Demonspawn Gladiator)        Turns: 1229, Time: 00:02:52

Health: 0/27       AC:  4    Str: 16    XL:     3   Next: 0%
Magic:  3/3        EV: 12    Int:  7    God:
Gold:   37         SH:  0    Dex: 14    Spells: 2/2 levels left

rFire   . . .      SeeInvis .   f - +0 quarterstaff (spect)
rCold   . . .      Faith    .   (shield currently unavailable)
rNeg    . . .      Spirit   .   b - +0 leather armour
rPois   .          Reflect  .   c - +0 helmet
rElec   .          Harm     .   (no cloak)
rCorr   .          Rampage  .   (no gloves)
Will    .....                   (no boots)
Stlth   +.........              (no amulet)
HPRegen 0.09/turn               (no ring)
MPRegen 0.08/turn               (no ring)

@: no status effects
A: hooves 1, ignite blood 1, dopey 1
a: no special abilities


You were on level 1 of the Abyss.
You visited 1 branch of the dungeon, and saw 2 of its levels.
You visited the Abyss 1 time.

You collected 37 gold pieces.

Inventory:

Hand Weapons
 a - a +0 quarterstaff
 f - a +0 spectral quarterstaff (weapon)
Missiles
 d - a throwing net (quivered)
 e - a javelin
Armour
 b - a +0 leather armour (worn)
 c - a +0 helmet (worn)
Jewellery
 h - a ring of ice
Scrolls
 g - 2 scrolls of noise
Potions
 i - a potion of cancellation {unknown}
 j - a potion of heal wounds
 k - 2 potions of curing {unknown}
 m - a potion of experience {unknown}


   Skills:
 - Level 2.0 Fighting
 + Level 3.8 Staves
 - Level 1.7 Throwing
 - Level 2.6 Dodging


You had 2 spell levels left.
You didn't know any spells.
Your spell library was empty.

Dungeon Overview and Level Annotations

Branches:
Dungeon (2/15)

Altars:


Innate Abilities, Weirdness & Mutations

You have large cloven feet.
Your demonic aura sometimes causes spilled blood to erupt in flames.
You are dopey. (Int -2)


Message History

Your feet thicken and deform.
You closely miss the goblin.
Your +0 spectral quarterstaff barely misses the goblin.
The giant cockroach completely misses you.
The goblin hits you with a +1 mace of distortion.
You are cast into the Abyss!
This branch contains the abyssal rune of Zot.
Your +0 spectral quarterstaff fades away.
No target in view!
Unknown command.
No target in view!
Found a gateway leading deeper into the Abyss.
The neqoxec shouts!
The neqoxec gestures at you.
Strange energies course through your body.
You feel stupid.
An Executioner comes into view.
The Executioner gives a hideous shriek!
The neqoxec gestures at you.
Something tries to feed on your intellect!
Throw: 3 throwing nets
Press: ? - help, Q - select action, (/) - cycle Shift-Dir - straight line, f - Executioner
Aim: an Executioner (40% to hit)
You throw a throwing net.
The throwing net barely misses the Executioner.
The Executioner gestures.
The Executioner seems to speed up.
Unknown command.
Throw: 2 throwing nets
Press: ? - help, Q - select action, (/) - cycle Shift-Dir - straight line, f/p - Executioner
Aim: an Executioner (fast, 40% to hit)
You throw a throwing net.
The throwing net barely misses the Executioner.
The neqoxec gestures at you.
Something tries to feed on your intellect!
The Executioner hits you!
Ouch! That really hurt!
* * * LOW HITPOINT WARNING * * *
The Executioner hits you.
You die...

... ##.. (.. ##
#.. #. .. #.#.
##.1# ##
#.#@###
#..#..#..##
...#.##..#..#
..... .3...#...
.#.#.#...#.#
.##
#......#..##..#
#..#..#..#..# .
.....##...#.##
###.##.. ....##


You could see an Executioner (fast) and a neqoxec.

Vanquished Creatures
  An adder (D:2)
  A dart slug (D:1)
  2 goblins (D:1)
  5 hobgoblins (D:1)
  4 quokkas (D:1)
  2 bats
15 creatures vanquished.

Notes
Turn   | Place    | Note
-------+----------+-------------------------------------------
     0 | D:1      | theswoord the Demonspawn Gladiator began the quest for the
                  | Orb.
     0 | D:1      | Reached XP level 1. HP: 16/16 MP: 1/1
    83 | D:1      | Reached skill level 3 in Staves
   464 | D:1      | Found a faded altar of an unknown god.
   558 | D:1      | Gained mutation: Your demonic aura sometimes causes spilled
                  | blood to erupt in flames. [demonic ancestry]
   558 | D:1      | Reached XP level 2. HP: 22/22 MP: 2/2
  1114 | D:2      | Identified a scroll of acquirement
  1114 | D:2      | Acquired a +0 spectral quarterstaff
  1194 | D:2      | Gained mutation: You have large cloven feet. [demonic
                  | ancestry]
  1194 | D:2      | Reached XP level 3. HP: 22/27 MP: 3/3
  1194 | Abyss:1  | Cast into level 1 of the Abyss (goblin)
  1217 | Abyss:1  | Noticed a neqoxec
  1218 | Abyss:1  | Gained mutation: You are dopey. (Int -2) [a neqoxec]
  1226 | Abyss:1  | Noticed an Executioner
  1229 | Abyss:1  | Slain by an Executioner

Skill      XL: |  1 |
---------------+----+-----
Staves         | 3 |  3.8
Fighting       | |  2.0
Throwing       | |  1.7
Dodging        | |  2.6

Action                   || total
-------------------------++-------
Melee: Quarterstaff      ||    33
Throw: Throwing net      ||     2
  Use: Scroll            ||     4
 Stab: Sleeping          ||     1
Armor: Leather armour    ||     9
Dodge: Dodged            ||    16

Levels and vault maps discovered:
D:1:      zaba_arrival_water, layout_loops_corners,
          shapermc_ecumenical_altar_pompeii, bh_walls_and_bars
D:2:      layout_basic, uniq_sigmund
Abyss:1:  base:
D:2
